AoeStats
← Jason64057

MegaRandom

505609135Analyzed
2v2 RM · 23d ago on Sep 10, 2026· 34m 40s· 4 players
Game mode
Random Map
Map size
Medium (4 player)
Population
200
Speed
Normal
Resources
Standard
Victory
Conquest
Starting age
Dark Age
Ending age
Imperial Age
RankedLock teamsTeams togetherTeam positionsShared explorationLock speedFull tech treeHidden civsTurbo modeCheats
Victory
Defeat
🇦🇺 Inca · Australia
998
+15
🇳🇱 Burgundians · Netherlands
924
+27
🇦🇺 Franks · Australia
976
-17
🇨🇳 Khmer · China
973
-17
War_Beast
5:53 Loom
11:35 Feudal Age
15:37 Castle Age
14:17 Double-Bit Axe
15:44 Gold Mining
17:04 Bow Saw
21:52 Scale Barding Armor
22:37 Husbandry
25:39 Wheelbarrow
28:03 Hand Cart
30:41 Forging
33:13 Town Watch
33:39 Scale Mail Armor
34:02 Chain Barding Armor
34:18 Iron Casting
33:35 Fletching
36:40 Imperial Age
Jason64057
12:13 Feudal Age
13:30 Double-Bit Axe
17:54 Castle Age
21:45 Fervor
23:03 Wheelbarrow
23:04 Medium Warships
22:41 Fishing Lines
27:55 Imperial Age
28:05 Hand Cart
28:53 Loom
28:53 Town Watch
30:04 Bow Saw
30:08 Scale Barding Armor
32:53 Chain Barding Armor
33:53 Fletching
niels.leenders
1:46 Loom
11:52 Feudal Age
12:57 Double-Bit Axe
16:26 Castle Age
15:10 Gold Mining
15:34 Bow Saw
15:15 Horse Collar
21:44 Two-Man Saw
22:59 Heavy Plow
22:59 Fishing Lines
24:12 Pikeman
25:14 Squires
27:38 Cavalier
28:23 Arson
29:45 Scale Mail Armor
29:56 Forging
29:52 Scale Barding Armor
30:51 Crop Rotation
32:06 Wheelbarrow
31:45 Husbandry
32:35 Burgundian Vineyards
34:20 Iron Casting
34:01 Chain Mail Armor
35:07 Chain Barding Armor
Epileptic Pilot
14:30 Feudal Age
13:52 Loom
16:59 Fishing Lines
19:48 Castle Age
18:38 Double-Bit Axe
18:43 Gold Mining
20:20 Champi Runner
20:49 Arson
21:16 Forging
21:06 Scale Mail Armor
21:33 Gillnets
21:21 Pikeman
22:03 Squires
22:57 Iron Casting
21:52 Champi Warrior
24:47 Bow Saw
25:12 Gold Shaft Mining
24:28 Stone Mining
30:27 Imperial Age
29:14 Clinker Construction
28:55 Horse Collar
30:55 Chain Mail Armor
32:13 Blast Furnace
34:58 Wheelbarrow
34:08 Town Watch
Connection lost

Rejoining the realm…

Still unreachable

The connection could not be restored.

Session expired

The server has moved on; the page needs a fresh start.